 Dungeon Crawl Stone Soup version 0.28.0-45-g0d030f2227 (webtiles) character file.

Game seed: 14750241975902470885

18 Gabide the Ducker (level 2, 0/24 HPs)
             Began as a Human Monk on Apr 4, 2022.
             Slain by a water moccasin skeleton (2 damage)
             ... on level 2 of the Dungeon.
             The game lasted 00:01:17 (1087 turns).

Gabide the Ducker (Human Monk)                      Turns: 1087, Time: 00:01:18

Health: 0/24       AC:  3    Str: 11    XL:     2   Next: 85%
Magic:  2/2        EV: 13    Int: 10    God:
Gold:   79         SH:  0    Dex: 15    Spells: 1/1 levels left

rFire   . . .      SeeInvis .     - Unarmed
rCold   . . .      Faith    .   (no shield)
rNeg    + . .      Spirit   .   a - +0 robe
rPois   .          Reflect  .   i - +0 helmet
rElec   .          Harm     .   (no cloak)
rCorr   .          Rampage  .   (no gloves)
Will    +....                   (no boots)
Stlth   ++........              (no amulet)
HPRegen 0.08/turn               c - ring of willpower
MPRegen 0.08/turn               g - ring of positive energy

@: brilliant, attractive
A: no striking features
a: no special abilities


You were on level 2 of the Dungeon.
You visited 1 branch of the dungeon, and saw 2 of its levels.

You collected 79 gold pieces.

Inventory:

Armour
 a - a +0 robe (worn)
 i - a +0 helmet (worn)
Jewellery
 c - a ring of willpower (left hand)
 g - a ring of positive energy (right hand)
Scrolls
 d - a scroll of noise
Potions
 b - 2 potions of flight


   Skills:
 * Level 3.3 Fighting
 * Level 3.3 Dodging
 + Level 2.0 Stealth
 * Level 3.2 Unarmed Combat


You had one spell level left.
You didn't know any spells.
Your spell library contained the following spells:

 Spells                   Type           Power      Damage    Failure   Level
 Summon Small Mammal      Summ           0%         N/A       36%         1
 Call Canine Familiar     Summ           0%         N/A       75%         3
 Summon Guardian Golem    Hex/Summ       0%         N/A       75%         3


Dungeon Overview and Level Annotations

Branches:
Dungeon (2/15)

Altars:


Message History

As you read the scroll labelled IGHA VUACIMM, it crumbles to dust.
It is a scroll of identify.
b - 2 potions of flight The frilled lizard bites you but does no damage.
Okay, then.
It was a potion of attraction.
You feel attractive to monsters. The frilled lizard misses you.
It was a potion of curing.
You feel better. The frilled lizard bites you.
You hit the frilled lizard.
You kill the frilled lizard!
You hit the water moccasin skeleton.
The water moccasin skeleton is heavily damaged.
The water moccasin skeleton bites you!
* * * LOW HITPOINT WARNING * * *
You hit the water moccasin skeleton.
The water moccasin skeleton is heavily damaged.
The water moccasin skeleton bites you.
* * * LOW HITPOINT WARNING * * *
You hit the water moccasin skeleton.
The water moccasin skeleton is severely damaged.
The water moccasin skeleton completely misses you.
You hit the water moccasin skeleton but do no damage.
The water moccasin skeleton is severely damaged.
The water moccasin skeleton bites you but does no damage.
The water moccasin skeleton barely misses you.
You hit the water moccasin skeleton.
The water moccasin skeleton is severely damaged.
The water moccasin skeleton barely misses you.
You barely miss the water moccasin skeleton.
The water moccasin skeleton is severely damaged.
The water moccasin skeleton bites you.
* * * LOW HITPOINT WARNING * * *
It was a potion of brilliance.
You feel clever all of a sudden. The water moccasin skeleton misses you.
You hit the water moccasin skeleton.
The water moccasin skeleton is almost destroyed.
The water moccasin skeleton bites you.
You die...

#.##.##### .....######.#
..##### #...........#
#........ ####.########
#........# ......######
##........# ...........#
.........# ##########.#
#........# #
#######.#######........#
#............@Z!.......#
##########.####.#.......
#.....# #)..#.##
#.....####....#
#............#.#
#.....####.#.#)# #.....#
#.#..#. #....## #.#.#.##
#.... #.#.....


You could see a water moccasin skeleton.

Vanquished Creatures
  2 endoplasms (D:1)
  4 hobgoblins
  2 quokkas
  A ball python (D:1)
  A bat (D:1)
  2 frilled lizards
  A goblin (D:1)
  2 kobolds
  2 rats (D:1)
17 creatures vanquished.

Notes
Turn   | Place    | Note
-------+----------+-------------------------------------------
     0 | D:1      | Gabide the Human Monk began the quest for the Orb.
     0 | D:1      | Reached XP level 1. HP: 18/18 MP: 1/1
   295 | D:1      | Reached XP level 2. HP: 20/24 MP: 2/2
   537 | D:1      | Found a faded altar of an unknown god.
  1085 | D:2      | HP: 1/24 [water moccasin skeleton (3)]
  1087 | D:2      | Slain by a water moccasin skeleton

Illustrated notes

Levels and vault maps discovered:
D:1:      erik_arrival_blinker_ship, layout_rooms,
          shapermc_ecumenical_altar_mp_urbaneastern
D:2:      layout_basic, minmay_small_reverse_x

Action                   || total
-------------------------++-------
Melee: Unarmed           ||    66
       Punch             ||     1
  Use: Potion            ||     3
       Scroll            ||     2
 Stab: Sleeping          ||     3
Armor: Robe              ||    16
Dodge: Dodged            ||    49
